AoeStats
← Cebel-i Kebir

Black Forest

509702966Analyzed
3v3 RM · 3d ago on Sep 27, 2026· 82m 55s· 6 players
Game mode
Random Map
Map size
Normal (6 player)
Population
200
Speed
Normal
Resources
Standard
Victory
Conquest
Starting age
Dark Age
Ending age
Imperial Age
RankedLock teamsTeams togetherTeam positionsShared explorationLock speedFull tech treeHidden civsTurbo modeCheats
Victory
Defeat
🇨🇿 Tatars · Czechia
764
+10
🇨🇿 Inca · Czechia
706
+13
🇨🇿 Aztecs · Czechia
653
+15
🇩🇪 Magyars · Germany
665
-14
🇩🇪 Italians · Germany
642
-13
🇲🇽 Gurjaras · Mexico
581
-11
oemerayan
0:28 Loom
11:04 Feudal Age
19:57 Castle Age
18:49 Horse Collar
18:57 Double-Bit Axe
19:21 Padded Archer Armor
19:12 Fletching
20:54 Heavy Plow
27:21 Bow Saw
31:13 Imperial Age
29:56 Gold Mining
31:52 Leather Archer Armor
31:32 Bodkin Arrow
32:31 Conscription
32:51 Wheelbarrow
32:02 Town Watch
32:41 Thumb Ring
31:58 Elite Skirmisher
35:58 Hand Cart
36:21 Ring Archer Armor
35:51 Bracer
37:04 Fortified Wall
36:49 Murder Holes
37:58 Chemistry
37:11 Fortified Wall
39:11 Elite Genoese Crossbowman
45:05 Husbandry
45:16 Bloodlines
44:27 Light Cavalry
46:11 Hussar
46:59 Scale Barding Armor
47:05 Forging
46:56 Scale Mail Armor
49:05 Chain Barding Armor
49:21 Iron Casting
55:21 Plate Barding Armor
55:01 Chain Mail Armor
55:47 Blast Furnace
60:04 Coinage
68:03 Murder Holes
73:40 Cavalier
75:00 Caravan
Cebel-i Kebir
11:46 Feudal Age
12:44 Double-Bit Axe
15:06 Gold Mining
14:59 Horse Collar
21:35 Castle Age
19:34 Stone Mining
22:28 Bow Saw
22:57 Gold Shaft Mining
22:25 Heavy Plow
33:15 Elite Skirmisher
34:05 Thumb Ring
34:15 Padded Archer Armor
34:07 Fletching
35:23 Bodkin Arrow
35:45 Leather Archer Armor
38:26 Imperial Age
39:53 Ring Archer Armor
39:24 Bracer
40:07 Corvinian Army
40:12 Loom
41:03 Wheelbarrow
40:14 Town Watch
41:57 Crop Rotation
41:37 Scale Barding Armor
41:32 Scale Mail Armor
41:55 Ballistics
42:35 Chemistry
41:17 Treadmill Crane
41:47 Masonry
41:32 Murder Holes
41:42 Siege Engineers
42:18 Husbandry
42:29 Bloodlines
41:40 Cavalier
42:23 Recurve Bow
42:44 Conscription
42:54 Hand Cart
43:12 Town Patrol
44:14 Two-Man Saw
43:57 Elite Magyar Huszar
48:41 Paladin
49:54 Chain Barding Armor
49:49 Chain Mail Armor
52:14 Hoardings
51:11 Sappers
57:33 Onager
60:47 Plate Barding Armor
60:46 Caravan
61:17 Coinage
68:03 Pikeman
68:28 Arson
70:43 Banking
70:42 Halberdier
75:55 Parthian Tactics
74:51 Heavy Cavalry Archer
koes08
14:51 Feudal Age
14:58 Man-at-Arms
17:06 Double-Bit Axe
21:10 Wheelbarrow
22:36 Castle Age
21:43 Gold Mining
24:06 Horse Collar
28:17 Crossbowman
28:19 Elite Skirmisher
28:22 Long Swordsman
30:54 Bow Saw
31:25 Gold Shaft Mining
30:47 Stone Mining
34:31 Imperial Age
Sysel
0:53 Loom
12:45 Feudal Age
13:46 Double-Bit Axe
15:22 Wheelbarrow
14:37 Horse Collar
23:12 Castle Age
25:48 Heavy Plow
26:01 Bow Saw
31:50 Stone Mining
31:50 Gold Mining
33:09 Eagle Warrior
33:14 Pikeman
38:10 Imperial Age
36:20 Scale Mail Armor
36:30 Forging
39:21 Elite Jaguar Warrior
42:17 Elite Skirmisher
44:05 Padded Archer Armor
43:55 Fletching
46:52 Chemistry
46:15 Ballistics
48:16 Leather Archer Armor
47:56 Bodkin Arrow
50:46 Crossbowman
62:41 Hand Cart
Majkl
1:44 Loom
12:50 Feudal Age
13:28 Double-Bit Axe
13:26 Horse Collar
14:48 Arson
15:21 Champi Runner
21:03 Gold Mining
29:07 Castle Age
28:24 Forging
30:19 Heavy Plow
30:32 Bow Saw
37:04 Imperial Age
36:11 Iron Casting
35:56 Andean Sling
36:39 Gold Shaft Mining
37:29 Thumb Ring
37:35 Elite Skirmisher
39:07 Crop Rotation
38:31 Stone Mining
38:59 Squires
38:22 Champi Warrior
44:42 Fabric Shields
44:52 Fletching
46:40 Wheelbarrow
49:08 Bodkin Arrow
51:51 Pikeman
52:30 Halberdier
53:47 Hand Cart
56:02 Bracer
59:33 Blast Furnace
60:34 Padded Archer Armor
65:54 Chemistry
65:13 Leather Archer Armor
70:34 Scale Mail Armor
71:09 Ring Archer Armor
70:40 Scale Mail Armor
72:01 Capped Ram
73:43 Chain Mail Armor
romy88
6:44 Loom
10:00 Feudal Age
10:31 Horse Collar
10:37 Double-Bit Axe
18:11 Castle Age
20:39 Bow Saw
22:48 Gold Mining
23:32 Heavy Plow
25:17 Forging
25:13 Scale Barding Armor
26:14 Gold Shaft Mining
26:43 Wheelbarrow
27:02 Stone Mining
27:17 Caravan
27:38 Arson
27:53 Squires
28:31 Padded Archer Armor
28:21 Fletching
29:33 Leather Archer Armor
30:20 Scale Barding Armor
34:05 Chain Barding Armor
34:21 Iron Casting
33:42 Bodkin Arrow
38:17 Imperial Age
36:24 Elite Skirmisher
37:47 Silk Armor
38:36 Heavy Cavalry Archer
38:42 Pikeman
39:46 Hand Cart
40:09 Crop Rotation
40:13 Ring Archer Armor
39:44 Bracer
42:11 Halberdier
42:56 Man-at-Arms
43:43 Husbandry
43:03 Cavalier
43:54 Bloodlines
45:08 Plate Barding Armor
48:37 Blast Furnace
47:37 Scale Mail Armor
50:08 Chemistry
48:50 Treadmill Crane
63:35 Onager
Connection lost

Rejoining the realm…

Still unreachable

The connection could not be restored.

Session expired

The server has moved on; the page needs a fresh start.